 Dungeon Crawl Stone Soup version 0.30-a0-799-g109b55a442 (webtiles) character file.

Game seed: 314758011683462495

555 dolemite99 the Shooter (level 7, -3/60 HPs)
             Began as a Hill Orc Hunter on Feb 21, 2023.
             Was a Follower of Cheibriados.
             Slain by a gnoll
             ... wielding a +0 spear
              (7 damage)
             ... on level 4 of the Dungeon.
             The game lasted 00:05:47 (3798 turns).

dolemite99 the Shooter (Hill Orc Hunter)            Turns: 3798, Time: 00:05:47

Health: -3/60      AC:  5    Str: 17    XL:     7   Next: 30%
Magic:  7/7        EV: 17    Int: 12    God:    Cheibriados [*.....]
Gold:   232        SH:  0    Dex: 19    Spells: 6/6 levels left

rFire   . . .      SeeInvis .    a - +1 shortbow
rCold   . . .      Faith    +    (shield currently unavailable)
rNeg    . . .      Spirit   .    c - +0 leather armour
rPois   .          Reflect  .    k - +0 helmet
rElec   .          Harm     .    (no cloak)
rCorr   +          Rampage  .    l - +0 pair of gloves
Will    .....                    (no boots)
Stlth   ++                       t - amulet of faith
HPRegen 0.30/turn                j - +5 ring of evasion
MPRegen 0.10/turn                n - ring of resist corrosion

@: very slow
A: no striking features
a: Renounce Religion, Bend Time


You were on level 4 of the Dungeon.
You worshipped Cheibriados.
Cheibriados was aware of your devotion.
You visited 1 branch of the dungeon, and saw 4 of its levels.

You collected 232 gold pieces.

Inventory:

Hand Weapons
 a - a +1 shortbow (weapon)
 b - a +0 hand axe
 g - a +2 spear of venom
 s - a +0 sling
Missiles
 h - 8 poisoned darts
Armour
 c - a +0 leather armour (worn)
 e - a +0 buckler
 k - a +0 helmet (worn)
 l - a +0 pair of gloves (worn)
Jewellery
 j - a +5 ring of evasion (left hand)
 n - a ring of resist corrosion (right hand)
 p - a +6 ring of intelligence
 t - an amulet of faith (around neck)
Scrolls
 o - a scroll of identify {@r1}
 q - 4 scrolls of immolation
 u - a scroll of teleportation
Potions
 d - a potion of brilliance
 f - 2 potions of heal wounds {unknown}
 i - a potion of attraction {unknown}
 m - 2 potions of might
 r - a potion of flight {unknown}


   Skills:
 - Level 4.6 Fighting
 - Level 0.9(2.5) Axes
 + Level 3.1(3.2) Polearms
 + Level 6.5 Ranged Weapons
 - Level 1.5 Dodging
 - Level 0.7 Stealth


You had 6 spell levels left.
You didn't know any spells.
Your spell library contained the following spells:

 Spells                   Type           Power      Damage    Failure   Level
 Magic Dart               Conj           0%         1d3       38%         1
 Call Imp                 Summ           0%         N/A       52%         2
 Mephitic Cloud           Conj/Pois/Air  0%         N/A       77%         3


Dungeon Overview and Level Annotations

Branches:
Dungeon (4/15)
 Temple: D:4-7

Altars:
Cheibriados

Annotations:
D:2 Sigmund
D:3 Natasha


Message History

The gnoll hits you from afar with a +0 spear.
You shoot an arrow. The arrow barely misses the black bear.
You hear a shout!
The black bear bites you.
The black bear claws you but does no damage. x2
The black bear closely misses you. The black bear completely misses you.
The black bear claws you but does no damage.
The gnoll misses you.
You shoot an arrow. The arrow hits the black bear.
The black bear is almost dead.
The black bear barely misses you. x2; The black bear claws you.
* * * LOW HITPOINT WARNING * * *
The gnoll barely misses you. The black bear bites you!
* * * LOW HITPOINT WARNING * * *
The black bear claws you but does no damage. x2
You shoot an arrow. The arrow hits the black bear!
You kill the black bear!
Cheibriados appreciates the change of pace.
The gnoll barely misses you.
Your Polearms skill increases to level 3!
Fire: a) +1 shortbow
Press: ? - help, Q - select action, (/) - cycle Shift-Dir - straight line, f - gnoll
Aim: a gnoll, wielding a +0 spear (70% to hit)
You shoot an arrow.
The arrow hits the gnoll but does no damage.
The gnoll hits you but does no damage.
Fire: a) +1 shortbow
Press: ? - help, Q - select action, (/) - cycle Shift-Dir - straight line, f/p - gnoll
Aim: a gnoll, wielding a +0 spear (70% to hit)
You shoot an arrow.
The arrow hits the gnoll but does no damage.
The gnoll hits you from afar with a +0 spear!
* * * LOW HITPOINT WARNING * * *
Fire: a) +1 shortbow
Press: ? - help, Q - select action, (/) - cycle Shift-Dir - straight line, f/p - gnoll
Aim: a gnoll, wielding a +0 spear (70% to hit)
You shoot an arrow. The arrow hits the gnoll.
The gnoll is moderately wounded.
The gnoll hits you from afar with a +0 spear!
You die...

#....##.................#
#....#######............#
#....# #............#
#....# #[#...........
#....# #.##...#####.#
#....# #......# # #.....
#...#..# ##...##.#
#....@†.# #....##g#
#....# .# #....# g.
#.#### #.# #.# h# #.. g.
### ..


You could see a gnoll.

Vanquished Creatures
  A black bear (D:4)
  An ogre (D:4)
  An orc priest (D:4)
  2 gnoll boudas (D:4)
  Natasha (twice) (D:3)
  An orc wizard (D:4)
  10 gnolls (D:4)
  4 adders
  2 ufetubi (D:4)
  A worm (D:2)
  2 dart slugs (D:1)
  3 orcs (D:4)
  5 bats
  3 endoplasms (D:1)
  A giant cockroach (D:2)
  5 goblins
  6 hobgoblins
  3 jackals (D:1)
  3 quokkas
  7 ball pythons
  3 frilled lizards
  10 kobolds
  3 rats
  2 toadstools (D:3)
81 creatures vanquished.

Vanquished Creatures (others)
  6 fungi (D:3)
  2 toadstools (D:3)
8 creatures vanquished.

Grand Total: 89 creatures vanquished

Notes
Turn   | Place    | Note
-------+----------+-------------------------------------------
     0 | D:1      | dolemite99 the Hill Orc Hunter began the quest for the Orb.
     0 | D:1      | Reached XP level 1. HP: 18/18 MP: 1/1
    90 | D:1      | Reached skill level 4 in Ranged Weapons
    90 | D:1      | Reached XP level 2. HP: 25/25 MP: 2/2
   469 | D:1      | Reached XP level 3. HP: 30/30 MP: 3/3
   831 | D:2      | Noticed Sigmund
   924 | D:3      | Found a snail-covered altar of Cheibriados.
   932 | D:3      | Became a worshipper of Cheibriados the Contemplative
  1028 | D:3      | Reached XP level 4. HP: 38/38 MP: 4/4
  1210 | D:3      | Noticed Natasha
  1218 | D:3      | Killed Natasha
  1960 | D:3      | Noticed Natasha
  1966 | D:3      | Killed Natasha
  1967 | D:3      | Reached XP level 5. HP: 46/47 MP: 5/5
  2115 | D:3      | Noticed Natasha
  2129 | D:3      | Reached skill level 5 in Ranged Weapons
  2262 | D:4      | Reached * piety under Cheibriados
  2283 | D:4      | HP: 2/47 [something/magic dart (8)]
  2909 | D:4      | Reached XP level 6. HP: 35/53 MP: 6/6
  3430 | D:4      | Reached skill level 1 in Polearms
  3435 | D:4      | Reached skill level 6 in Ranged Weapons
  3709 | D:4      | Reached XP level 7. HP: 60/60 MP: 7/7
  3797 | D:4      | HP: 3/60 [gnoll/+0 spear (8)]
  3798 | D:4      | Slain by a gnoll

Illustrated notes

Levels and vault maps discovered:
D:1:      eino_arrival_water_cross, layout_rooms, st_stairs_9
D:2:      layout_rooms, grunt_ministairs_15, uniq_sigmund
D:3:      kennysheep_big_flooded_room, layout_basic, lemuel_round_altar,
          minmay_gold_behind_fungi, lexackson_kobold_supper, uniq_natasha
D:4:      layout_basic, nicolae_overflow_quartered_altars

Skill      XL: |  1  2  3  4  5  6  7 |
---------------+----------------------+-----
Ranged Weapons | 4 5 6 |  6.5
Fighting       | 3 4 |  4.6
Polearms       | 2 3 |  3.1
Axes           | |  0.9
Dodging        | |  1.5
Stealth        | |  0.7

Action                     |  1- 3 |  4- 6 |  7- 9 || total
---------------------------+-------+-------+-------++-------
   Fire: Shortbow          |   106 |   135 |    18 ||   259
    Use: Scroll            |     3 |     7 |       ||    10
         Potion            |       |     2 |       ||     2
 Armour: Leather armour    |    24 |    26 |    10 ||    60
  Dodge: Dodged            |    36 |    68 |    28 ||   132

Table legend: (Time is in decaauts)
 A = Elapsed time spent in this place.
 B = Non-inter-level travel time spent in this place.
 C = Inter-level travel time spent in this place.
 D = Time resting spent in this place.
 E = Time spent auto-exploring this place.
 F = Levels seen in this place.
 G = Mean time per level.
                   A        B        C        D        E       F      G
               +--------+--------+--------+--------+--------+-----+--------+
         Total |   4172 |   4068 |    104 |   1930 |   1270 |   4 | 1043.0 |
       Dungeon |   4172 |   4068 |    104 |   1930 |   1270 |   4 | 1043.0 |
               +--------+--------+--------+--------+--------+-----+--------+

Top non-repeatable levels by time:
     D:4: 1724 daAuts
     D:3: 1002 daAuts
     D:2: 758 daAuts
     D:1: 687 daAuts
